AoeStats
← migueluptown

Pilgrims

510011884Analyzed
4v4 RM · 4d ago on Sep 29, 2026· 80m 33s· 8 players
Game mode
Random Map
Map size
Large (8 player)
Population
200
Speed
Normal
Resources
Standard
Victory
Conquest
Starting age
Dark Age
Ending age
Imperial Age
RankedLock teamsTeams togetherTeam positionsShared explorationLock speedFull tech treeHidden civsTurbo modeCheats
Victory
Defeat
🇵🇪 Saracens · Peru
1181
+9
🇦🇷 Italians · Argentina
1078
+13
🇧🇷 Varangians · Brazil
986
+17
🇵🇪 Spanish · Peru
961
+19
🇲🇽 Tatars · Mexico
1042
-15
🇲🇽 Aztecs · Mexico
1030
-15
🇨🇳 Mongols · China
1025
-15
🇺🇸 Bulgarians · United States
973
-13
DEEP DARK FANTASY
3:09 Loom
12:24 Feudal Age
16:33 Castle Age
14:54 Stone Mining
16:24 Double-Bit Axe
17:28 Bow Saw
18:43 Fletching
18:48 Horse Collar
19:34 Heavy Plow
25:22 Wheelbarrow
29:02 Hand Cart
30:01 Gold Mining
30:46 Stone Shaft Mining
32:34 Bodkin Arrow
32:49 Padded Archer Armor
32:52 Scale Mail Armor
37:03 Imperial Age
36:16 Ballistics
37:26 Bloodlines
37:16 Husbandry
37:36 Leather Archer Armor
38:31 Conscription
39:20 Chemistry
38:25 Bracer
38:38 Herbal Medicine
39:40 Conscription
40:07 Parthian Tactics
40:34 Conscription
40:55 Elite Mangudai
44:55 Light Cavalry
45:47 Thumb Ring
48:11 Capped Ram
49:26 Siege Ram
52:21 Drill
59:36 Nomads
61:59 Forging
61:54 Scale Barding Armor
62:18 Hussar
63:43 Iron Casting
63:28 Chain Barding Armor
78:43 Blast Furnace
Tlacaelel.MX
4:38 Loom
10:15 Feudal Age
11:27 Double-Bit Axe
13:52 Wheelbarrow
13:57 Fishing Lines
17:35 Fletching
17:43 Town Watch
22:07 Castle Age
22:16 Horse Collar
23:07 Hand Cart
23:48 Medium Warships
23:49 Bodkin Arrow
23:49 Gillnets
25:30 Forging
27:18 Bow Saw
28:28 Ballistics
28:00 Heated Shot
28:55 Guard Tower
29:30 Clinker Construction
30:50 Heavy Plow
31:30 Treadmill Crane
36:11 Imperial Age
34:20 Sanctity
34:30 Fervor
35:43 Iron Casting
36:27 Murder Holes
38:17 Chemistry
37:02 Arrowslits
37:01 Eagle Warrior
37:42 Squires
37:28 Arson
38:25 Block Printing
38:48 Town Patrol
39:03 Scale Mail Armor
40:03 Blast Furnace
39:04 Bracer
39:45 Careening
40:17 Chain Mail Armor
39:52 Elite Eagle Warrior
41:44 Gold Mining
41:45 Stone Mining
42:58 Plate Mail Armor
42:29 Padded Archer Armor
43:20 Gold Shaft Mining
43:53 Pikeman
44:19 Gambesons
45:33 Leather Archer Armor
46:00 Conscription
45:57 Elite Skirmisher
47:25 Atlatl
51:02 Crossbowman
52:22 Man-at-Arms
53:24 Long Swordsman
55:07 Heavy Warships
56:56 Demolition Ship
58:29 Stone Shaft Mining
58:40 Two-Handed Swordsman
59:25 Champion
60:30 Garland Wars
61:05 Arbalester
64:11 Elite Jaguar Warrior
65:43 Crop Rotation
68:12 Redemption
Socrates_Johnson
14:49 Feudal Age
14:51 Loom
17:52 Double-Bit Axe
23:12 Castle Age
22:32 Scale Mail Armor
22:33 Padded Archer Armor
22:43 Forging
22:24 Fletching
24:53 Bow Saw
24:26 Horse Collar
25:42 Chain Mail Armor
25:43 Leather Archer Armor
28:25 Wheelbarrow
29:06 Stone Mining
28:58 Pikeman
29:39 Squires
30:22 Iron Casting
31:13 Wheelbarrow
30:58 Heavy Plow
31:42 Stone Shaft Mining
31:38 Bodkin Arrow
32:55 Scale Barding Armor
33:52 Chain Barding Armor
35:16 Hand Cart
39:07 Light Cavalry
39:57 Bloodlines
39:48 Husbandry
43:52 Gold Mining
50:36 Imperial Age
50:41 Hussar
52:44 Plate Barding Armor
53:10 Blast Furnace
54:46 Fishing Lines
56:48 Halberdier
61:42 Plate Mail Armor
62:43 Crop Rotation
62:51 Gambesons
62:54 Arson
Orsai.exe
9:09 Loom
13:07 Feudal Age
14:59 Double-Bit Axe
17:26 Castle Age
15:20 Gold Mining
16:02 Fletching
16:36 Horse Collar
20:50 Wheelbarrow
21:07 Husbandry
22:23 Bodkin Arrow
23:37 Bloodlines
26:27 Elite Skirmisher
32:59 Bow Saw
35:12 Ballistics
39:22 Hand Cart
39:18 Town Watch
46:02 Imperial Age
43:49 Heavy Plow
El Botascha 2.0
4:28 Loom
16:11 Feudal Age
17:36 Double-Bit Axe
18:39 Fishing Lines
22:17 Castle Age
20:25 Scale Barding Armor
23:25 Chain Barding Armor
22:55 Town Watch
25:15 Bow Saw
24:59 Gillnets
26:29 Horse Collar
27:40 Heavy Plow
29:27 Wheelbarrow
31:35 Hand Cart
32:36 Forging
32:34 Murder Holes
32:50 Masonry
33:11 Husbandry
33:40 Town Patrol
37:19 Imperial Age
35:35 Bloodlines
34:46 Light Cavalry
36:19 Iron Casting
35:34 Fletching
35:45 Padded Archer Armor
37:44 Fortified Wall
37:55 Ballistics
39:15 Two-Man Saw
39:20 Chemistry
39:05 Conscription
38:24 Capped Ram
39:55 Plate Barding Armor
40:21 Blast Furnace
39:26 Hussar
43:58 Scale Mail Armor
44:07 Heavy Camel Rider
44:07 Heavy Camel Rider
46:26 Chain Mail Armor
48:13 Gold Mining
48:13 Stone Mining
49:39 Gold Shaft Mining
50:11 Siege Engineers
56:55 Hoardings
57:00 Bodkin Arrow
57:21 Leather Archer Armor
57:36 Plate Mail Armor
57:12 Caravan
57:42 Coinage
57:35 Siege Ram
60:45 Banking
61:18 Bimaristan
65:13 Plate Mail Armor
65:37 Man-at-Arms
66:03 Gambesons
66:05 Arson
66:26 Squires
67:35 Elite Mameluke
70:50 Arrowslits
Marianob04
11:29 Feudal Age
15:44 Castle Age
14:05 Forging
16:56 Fletching
20:08 Wheelbarrow
20:18 Double-Bit Axe
20:49 Medium Warships
20:59 Padded Archer Armor
21:32 Crossbowman
22:32 Bow Saw
22:36 Thumb Ring
22:30 Bodkin Arrow
23:32 Leather Archer Armor
24:55 Thumb Ring
25:18 Ballistics
28:04 Town Watch
30:28 Hand Cart
29:45 Elite Skirmisher
34:13 Imperial Age
32:53 Hand Cart
34:33 Arbalester
35:15 Bracer
38:55 Ring Archer Armor
40:06 Chemistry
41:58 Two-Man Saw
43:01 Stone Mining
47:42 Horse Collar
55:45 Husbandry
58:28 Bloodlines
58:45 Scale Barding Armor
58:12 Cavalier
60:11 Iron Casting
62:51 Light Cavalry
NeverArabia
10:33 Loom
12:18 Feudal Age
17:02 Double-Bit Axe
19:47 Forging
19:31 Fletching
22:03 Castle Age
20:49 Stone Mining
22:38 Forging
22:28 Scale Mail Armor
22:52 Squires
22:38 Gambesons
29:00 Fishing Lines
29:58 Horse Collar
31:15 Gillnets
32:32 Wheelbarrow
33:38 Gold Mining
36:28 Hand Cart
36:52 Scale Barding Armor
37:59 Bloodlines
38:24 Husbandry
38:46 Chain Barding Armor
39:02 Iron Casting
38:59 Heavy Plow
43:25 Imperial Age
41:46 Stone Shaft Mining
42:31 Arson
43:04 Chain Mail Armor
44:34 Elite Varangian Guard
46:19 Plate Barding Armor
47:13 Plate Mail Armor
47:44 Blast Furnace
48:08 Conscription
48:03 Town Watch
47:46 Gothikon
50:43 Cavalier
50:47 Vendel Legacy
54:28 Chemistry
53:10 Treadmill Crane
53:42 Siege Engineers
54:37 Chemistry
53:56 Masonry
56:34 Ballistics
56:46 Architecture
61:12 Light Cavalry
63:42 Bodkin Arrow
64:51 Chemistry
63:59 Siege Engineers
65:53 Bow Saw
67:13 Caravan
67:41 Elite Jarl
68:06 Hussar
71:57 Bracer
72:54 Elite Skirmisher
74:33 Crop Rotation
75:00 Padded Archer Armor
76:10 Leather Archer Armor
78:18 Murder Holes
migueluptown
9:30 Loom
12:05 Feudal Age
13:25 Double-Bit Axe
15:23 Gold Mining
17:44 Horse Collar
18:41 Fishing Lines
23:02 Castle Age
24:03 Gillnets
28:17 Bow Saw
28:10 Heavy Plow
31:24 Imperial Age
29:50 Caravan
30:30 Stone Mining
31:22 Wheelbarrow
31:20 Fletching
31:31 Padded Archer Armor
32:25 Conscription
33:50 Chemistry
34:41 Hand Cart
34:09 Elite Cannon Galleon
34:49 Bodkin Arrow
35:10 Leather Archer Armor
36:08 Bracer
36:59 Scale Barding Armor
36:43 Demolition Ship
38:24 Chain Barding Armor
38:54 Forging
38:45 Scale Mail Armor
38:13 Cavalier
38:54 Husbandry
39:04 Bloodlines
40:51 Ring Archer Armor
40:57 Plate Barding Armor
40:57 Iron Casting
45:51 Blast Furnace
45:06 Chain Mail Armor
45:54 Light Cavalry
46:51 Paladin
48:03 Town Watch
48:04 Loom
49:42 Plate Mail Armor
48:53 Hussar
55:15 Man-at-Arms
55:40 Gambesons
55:56 Squires
55:41 Arson
56:32 Arson
57:47 Long Swordsman
58:20 Two-Handed Swordsman
60:17 Champion
70:44 Two-Man Saw
69:23 Pikeman
70:13 Halberdier
73:41 Heavy Demolition Ship
76:34 Siphons
Connection lost

Rejoining the realm…

Still unreachable

The connection could not be restored.

Session expired

The server has moved on; the page needs a fresh start.